AoeStats
← epic shit

Arabia

508481093Analyzed
1v1 RM · 9d ago on Sep 22, 2026· 25m 40s· 2 players
Game mode
Random Map
Map size
Tiny (2 player)
Population
200
Speed
Normal
Resources
Standard
Victory
Conquest
Starting age
Dark Age
Ending age
Imperial Age
RankedLock teamsTeams togetherTeam positionsShared explorationLock speedFull tech treeHidden civsTurbo modeCheats
Victory
Defeat
🇦🇷 Mongols · Argentina
947
+17
🇨🇱 Random · Chile
971
-17
Manuoca2
10:33 Feudal Age
10:09 Loom
14:55 Castle Age
16:49 Bloodlines
23:28 Forging
23:45 Double-Bit Axe
epic shit
7:33 Loom
9:42 Feudal Age
11:25 Wheelbarrow
10:44 Double-Bit Axe
13:14 Bloodlines
17:31 Castle Age
16:58 Horse Collar
22:41 Town Watch
Connection lost

Rejoining the realm…

Still unreachable

The connection could not be restored.

Session expired

The server has moved on; the page needs a fresh start.